 Dungeon Crawl Stone Soup version 0.22.1-1-ga44c0e5 (webtiles) character file.

14447 dvd the Thaumaturge (level 12, 0/74 HPs)
             Began as an Octopode Fire Elementalist on Oct 6, 2018.
             Was a High Priest of Vehumet.
             Hit by a large rock thrown by a cyclops (42 damage)
             ... on level 11 of the Dungeon.
             The game lasted 00:51:42 (15314 turns).

dvd the Thaumaturge (Octopode Fire Elementalist)   Turns: 15314, Time: 00:51:43

Health: 0/74       AC:  4    Str: 11    XL:     12   Next: 16%
Magic:  1/25       EV: 15    Int: 22    God:    Vehumet [*****.]
Gold:   350        SH:  5    Dex: 13    Spells: 11/30 levels left

rFire    . . .     SeeInvis .   I - +4 mace (protect)
rCold    . . .     Gourm    .   n - +0 buckler
rNeg     . . .     Faith    .   L - +2 hat
rPois    .         Spirit   .   w - amulet of rage
rElec    .         Reflect  .   m - ring of protection from magic
rCorr    .         Harm     .   (no ring)
MR       +....                  (no ring)
Stlth    ++++......             (no ring)
HPRegen  0.22/turn              (no ring)
MPRegen  0.19/turn              (no ring)
                                (no ring)
                                (no ring)

@: no status effects
A: almost no armour, stealthy swim, amphibious, 8 rings, constrict 8, antennae
1, rugged brown scales 1, camouflage 1, strong 2, gelatinous body 1
a: Renounce Religion, Evoke Berserk Rage


You were on level 11 of the Dungeon.
You worshipped Vehumet.
Vehumet was extremely pleased with you.
You were very hungry.

You visited 1 branch of the dungeon, and saw 11 of its levels.
You also visited: Sewer.

You collected 558 gold pieces.
You spent 208 gold pieces at shops.

Inventory:

Hand Weapons
 c - a +0 rapier of electrocution
 k - a +2 mace of crushing
 y - the +6 rapier "Peryircha" {pain, Str+2}
   (You found it on level 5 of the Dungeon)

   In the hands of one skilled in necromantic magic, it inflicts extra damage on
   living creatures.
   It affects your strength (+2).
 z - a +3 vampiric war axe
 C - the +0 falchion of Unreason {flame, +Inv rF- MR+ Str+8}
   (You found it on level 6 of the Dungeon)

   It has been specially enchanted to burn those struck by it, causing extra
   injury to most foes and up to half again as much damage against particularly
   susceptible opponents.
   Big, fiery blades are also staple armaments of hydra-hunters.
   It affects your strength (+8).
   It makes you vulnerable to fire.
   It affects your resistance to hostile enchantments.
   It lets you turn invisible.
 I - a +4 mace of protection (weapon)
Armour
 n - a +0 buckler (worn)
 L - a +2 hat (worn)
Jewellery
 m - a ring of protection from magic (left tentacle)
 w - an amulet of rage (around mantle)
Wands
 u - a wand of paralysis (28)
 v - a wand of iceblast (11)
 x - a wand of disintegration (7)
 D - a wand of acid (3)
 F - a wand of scattershot (2)
 M - a wand of polymorph (13)
Scrolls
 d - 2 scrolls of blinking
 e - 2 scrolls of amnesia
 f - a scroll of immolation
 g - 6 scrolls of remove curse
 h - a scroll of magic mapping
 i - 16 scrolls of identify
 E - 3 scrolls of enchant armour
Potions
 a - 2 potions of curing
 l - a potion of brilliance
 o - 3 potions of mutation
 p - a potion of might
 s - a potion of heal wounds
 B - a potion of lignification
 N - a potion of resistance
Comestibles
 b - 15 rations


   Skills:
 - Level 2.7 Fighting
 - Level 1.6(1.7) Short Blades
 - Level 0.4(1.1) Long Blades
 - Level 4.2 Maces & Flails
 - Level 4.7 Dodging
 - Level 6.6 Stealth
 * Level 3.7 Shields
 - Level 9.8 Spellcasting
 - Level 9.7 Conjurations
 - Level 0.3 Charms
 - Level 1.1 Necromancy
 - Level 9.5 Fire Magic
 - Level 2.0 Ice Magic
 - Level 1.3 Evocations


You had 11 spell levels left.
You knew the following spells:

 Your Spells              Type           Power        Failure   Level  Hunger
a - Flame Tongue          Conj/Fire      #####        1%          1    None
b - Throw Flame           Conj/Fire      ######       1%          2    None
c - Sticky Flame          Conj/Fire      ######..     1%          4    ##.....
d - Regeneration          Chrm/Necr      ##........   14%         3    None
e - Throw Icicle          Conj/Ice       #####...     1%          4    ##.....
f - Fireball              Conj/Fire      ######....   1%          5    ####...

Your spell library contained the following spells:

 Spells                   Type           Power        Failure   Level  Hunger
 Lightning Bolt           Conj/Air       ####......   7%          5    ####...
 Conjure Flame            Conj/Fire      ######..     1%          3    None
 Inner Flame              Hex/Fire       ####....     1%          3    None
 Animate Skeleton         Necr           N/A          4%          1    None
 Pain                     Necr           ###.         4%          1    None
 Apportation              Tloc           ##....       6%          1    None
 Confusing Touch          Hex            ##....       6%          1    None
 Summon Small Mammal      Summ           ##..         6%          1    None
 Call Imp                 Summ           ##......     10%         2    None
 Vampiric Draining        Necr           ###.......   12%         3    None
 Call Canine Familiar     Summ           ##......     19%         3    None
 Summon Guardian Golem    Hex/Summ       ##......     19%         3    None
 Animate Dead             Necr           N/A          38%         4    ##.....
 Summon Ice Beast         Ice/Summ       ###.....     38%         4    ##.....
 Summon Lightning Spire   Summ/Air       ##......     54%         4    ##.....


Dungeon Overview and Level Annotations

Branches:
Dungeon (11/15)            Temple (0/1) D:7            Lair (0/6) D:11
    Orc (0/2) D:11

Altars:
Ashenzari
Cheibriados
Dithmenos
Hepliaklqana
Nemelex Xobeh
Okawaru
Trog
Vehumet
Xom
Beogh

Shops:
D:9 *   D:10 !([

Annotations:
D:7 3 runed doors, troglodite's ghost, novice DsBe
D:10 3 runed doors


Innate Abilities, Weirdness & Mutations

You cannot wear most types of armour.
You are very stealthy in the water. (Stealth+)
You are amphibious.
You can wear up to eight rings at the same time.
You can use your tentacles to constrict eight enemies at once.
Your skin changes colour to match your surroundings (Stealth+).
Your rubbery body absorbs attacks. (AC +1, EV +1)
You have a pair of small antennae on your head.
You are partially covered in rugged brown scales. (AC +1, +3% HP)
Your muscles are very strong. (Str +4)


Message History

Evoke which item? (* to show all) (? for menu, Esc to quit)
Aiming: Disintegrate
Press: ? - help, Shift-Dir - straight line, f/p - cyclops
Aim: a cyclops (almost dead, chance to defeat MR: 53%)
The cyclops resists with significant effort.
The cyclops throws a large rock.
The large rock hits you!!
Evoke which item? (* to show all) (? for menu, Esc to quit)
Aiming: Disintegrate
Press: ? - help, Shift-Dir - straight line, f/p - cyclops
Aim: a cyclops (almost dead, chance to defeat MR: 53%)
The cyclops resists with significant effort.
Unknown command.
Evoke which item? (* to show all) (? for menu, Esc to quit)
Aiming: Disintegrate
Press: ? - help, Shift-Dir - straight line, f/p - cyclops
Aim: a cyclops (almost dead, chance to defeat MR: 53%)
The cyclops resists with significant effort.
The cyclops throws a large rock.
The large rock hits you!!!
Ouch! That really hurt!
You die...

#.#.#..#..##..##.##.######
#.#.##....##.####.#.......
#.#..#.......# .##..####
#.##.##.#...## ###..# #
#.##..#..)#.# ##.## # ..
#.##..##..### #..### #.#
#.##...#...# ##...# #.#
#.#..#.##.##########.#....
#.#
#.......#@##..?C.....##.##
#.# #.......#.#{#######(#
#... #.#
#.......##......##.## #...
#.#####..####..#....##...#
##.# #........#
##.##C##)...## #..
#.####...# #..##....###
##. #.# #...# ##.##..##.#
#. #.# #...# #..###...# ##
#.# #...# ##.##...## #


You could see a cyclops.

Vanquished Creatures
  Gastronok (D:8)
  A centaur warrior (D:10)
  2 two-headed ogres
  An unseen horror (D:11)
  Pikel (D:6)
  A manticore (D:11)
  A cyclops (D:11)
  A gargoyle (D:11)
  3 hippogriffs
  A centaur simulacrum (D:11)
  A yak (D:11)
  A spriggan (D:9)
  2 wyverns
  2 basilisks (D:11)
  A vampire mosquito (D:11)
  A steam dragon (D:11)
  A soldier ant (D:11)
  A water moccasin (D:9)
  A sky beast (D:8)
  A slave (D:6)
  12 orc warriors
  A black bear (D:9)
  4 ice beasts
  A phantom (D:3)
  9 ogres
  A crocodile (D:8)
  2 centaurs
  A big kobold (D:8)
  9 bullfrogs
  A wyvern zombie (D:9)
  4 scorpions
  2 jellies
  7 wights
  4 howler monkeys
  8 crimson imps
  2 bullfrog zombies
  3 centaur zombies
  5 orc priests
  2 hounds
  13 orc wizards
  3 centaur skeletons
  2 bullfrog skeletons
  4 iguanas
  13 worker ants
  4 hound skeletons
  Robin (D:2)
  7 gnolls
  2 howler monkey skeletons
  19 adders
  A shadow imp (D:9)
  A white imp (D:4)
  7 oozes
  An adder zombie (D:9)
  6 worms
  5 dart slugs
  16 leopard geckos
  67 orcs
  18 ball pythons
  7 bats
  14 giant cockroaches
  14 goblins
  4 hobgoblins
  11 jackals
  4 quokkas
  17 frilled lizards
  13 kobolds
  2 leopard gecko zombies
  9 rats
388 creatures vanquished.

Vanquished Creatures (others)
  A hound (D:6)
1 creature vanquished.

Grand Total: 389 creatures vanquished

Notes
Turn   | Place    | Note
-------+----------+-------------------------------------------
     0 | D:1      | dvd the Octopode Fire Elementalist began the quest for the
                  | Orb.
     0 | D:1      | Reached XP level 1. HP: 11/11 MP: 3/3
   334 | D:1      | Reached XP level 2. HP: 17/17 MP: 0/5
   357 | D:1      | Learned a level 2 spell: Throw Flame
  1137 | D:1      | Reached XP level 3. HP: 22/22 MP: 3/6
  1493 | D:2      | Found a faded altar of an unknown god.
  1501 | D:2      | Became a worshipper of Vehumet
  1501 | D:2      | Reached * piety under Vehumet
  1501 | D:2      | Offered knowledge of Sting by Vehumet.
  2111 | D:2      | Reached XP level 4. HP: 27/27 MP: 1/7
  2476 | D:3      | Noticed Robin
  2497 | D:2      | Killed Robin
  2571 | D:3      | Reached ** piety under Vehumet
  2581 | D:2      | Offered knowledge of Freeze by Vehumet.
  2644 | D:3      | Reached XP level 5. HP: 25/32 MP: 7/9
  2772 | D:3      | Noticed an ogre
  2782 | D:3      | Killed an ogre
  2788 | D:3      | Found a radiant altar of Vehumet.
  2874 | D:3      | Reached XP level 6. HP: 35/37 MP: 2/11
  2880 | D:3      | Learned a level 4 spell: Sticky Flame
  2882 | D:3      | Learned a level 1 spell: Freeze
  3092 | D:3      | Noticed a phantom
  3109 | D:3      | Killed a phantom
  3284 | D:3      | Found an iron altar of Okawaru.
  4118 | D:4      | Offered knowledge of Searing Ray by Vehumet.
  4242 | D:4      | Reached XP level 7. HP: 23/42 MP: 3/12
  4532 | D:4      | Found a shimmering altar of Xom.
  4532 | D:4      | Found a shattered altar of Ashenzari.
  4540 | D:4      | Found a bloodstained altar of Trog.
  4540 | D:4      | Found a shadowy altar of Dithmenos.
  4541 | D:4      | Found a sparkling altar of Nemelex Xobeh.
  4545 | D:4      | Found a snail-covered altar of Cheibriados.
  5527 | D:4      | Reached *** piety under Vehumet
  6068 | D:4      | Reached XP level 8. HP: 42/47 MP: 11/15
  6296 | D:5      | Entered Level 5 of the Dungeon
  6328 | D:5      | Found a hazy altar of Hepliaklqana.
  6331 | D:5      | Reached skill level 5 in Spellcasting
  6387 | D:5      | Reached skill level 1 in Short Blades
  6387 | D:5      | Reached skill level 5 in Conjurations
  6461 | D:5      | Found a glowing drain.
  6465 | D:5      | Offered knowledge of Throw Icicle by Vehumet.
  6482 | D:5      | Learned a level 4 spell: Throw Icicle
  6483 | Sewer    | Entered a sewer
  6779 | Sewer    | Reached **** piety under Vehumet
  6877 | Sewer    | Offered knowledge of Bolt of Magma by Vehumet.
  6921 | Sewer    | Learned a level 5 spell: Fireball
  6997 | Sewer    | Reached skill level 5 in Fire Magic
  7291 | D:5      | Got a faintly glowing rapier
  7292 | D:5      | Identified the +6 rapier "Peryircha" {pain, Str+2} (You
                  | found it on level 5 of the Dungeon)
  7495 | D:5      | Reached ***** piety under Vehumet
  7547 | D:5      | Offered knowledge of Conjure Ball Lightning by Vehumet.
  7741 | D:6      | Reached skill level 5 in Stealth
  7780 | D:6      | You fall through a shaft for 3 floors!
  7785 | D:9      | Reached skill level 1 in Fighting
  7957 | D:7      | Noticed a hippogriff
  8072 | D:8      | Noticed Gastronok
  8121 | D:7      | Reached XP level 9. HP: 50/53 MP: 18/18
  8509 | D:6      | Got a twisted falchion
  8510 | D:6      | Identified the cursed +0 falchion of Unreason {flame, +Inv
                  | rF- MR+ Str+8} (You found it on level 6 of the Dungeon)
  8613 | D:6      | Found a runed door.
  8788 | D:6      | Noticed Pikel
  8813 | D:6      | Killed Pikel
  9549 | D:6      | Found a roughly hewn altar of Beogh.
  9676 | D:7      | Reached XP level 10. HP: 59/59 MP: 12/21
  9892 | D:7      | Found a staircase to the Ecumenical Temple.
 10007 | D:7      | Found a runed gate.
 10007 | D:7      | Found a runed gate.
 10007 | D:7      | Found a runed gate.
 10007 | D:7      | Noticed troglodite's ghost (novice DsBe)
 10677 | D:8      | Reached skill level 1 in Maces & Flails
 10776 | D:8      | Reached skill level 1 in Ice Magic
 11095 | D:8      | Killed Gastronok
 11095 | D:8      | Offered knowledge of Iron Shot by Vehumet.
 11095 | D:8      | Reached skill level 1 in Evocations
 11229 | D:8      | Noticed a two-headed ogre
 11236 | D:8      | Killed a two-headed ogre
 11236 | D:8      | Reached XP level 11. HP: 52/64 MP: 11/23
 12470 | D:9      | Learned a level 3 spell: Regeneration
 12649 | D:9      | Found Oskewnu's Serpentskin Sales.
 12760 | D:10     | Entered Level 10 of the Dungeon
 12981 | D:10     | Found Gouj Bue's Distillery.
 12992 | D:10     | Bought a potion of mutation for 128 gold pieces
 12992 | D:10     | Bought a potion of heal wounds for 80 gold pieces
 13049 | D:10     | Found Rinuodar's Antique Armour Shop.
 13162 | D:10     | Noticed a centaur warrior
 13167 | D:10     | Killed a centaur warrior
 13346 | D:10     | Noticed a white ugly thing
 13346 | D:10     | Noticed a green ugly thing
 13348 | D:10     | Found a runed gate.
 13348 | D:10     | Found a runed gate.
 13349 | D:10     | Found a runed gate.
 13353 | D:10     | Noticed a white ugly thing
 13353 | D:10     | Noticed a white ugly thing
 13353 | D:10     | Noticed a glowing orange brain
 13354 | D:10     | Noticed a green ugly thing
 13354 | D:10     | Noticed a green very ugly thing
 13360 | D:10     | Found Zuoschyez's Weapon Emporium.
 13735 | D:11     | Gained mutation: You have a pair of small antennae on your
                  | head. [potion of mutation]
 13735 | D:11     | Gained mutation: Your muscles are strong. (Str +2) [potion
                  | of mutation]
 13735 | D:11     | Gained mutation: Your muscles are very strong. (Str +4)
                  | [potion of mutation]
 13735 | D:11     | Gained mutation: You are partially covered in rugged brown
                  | scales. (AC +1, +3% HP) [potion of mutation]
 14203 | D:11     | Noticed a manticore
 14208 | D:11     | Killed a manticore
 14431 | D:11     | Noticed an unseen horror
 14434 | D:11     | Killed an unseen horror
 14437 | D:11     | Noticed a cyclops
 14686 | D:11     | Killed a cyclops
 14889 | D:11     | Found a staircase to the Lair.
 14930 | D:11     | Reached XP level 12. HP: 74/74 MP: 13/25
 14988 | D:11     | Reached skill level 1 in Necromancy
 15051 | D:11     | Found a staircase to the Orcish Mines.
 15123 | D:11     | Reached skill level 1 in Shields
 15290 | D:11     | Noticed a two-headed ogre
 15294 | D:11     | Killed a two-headed ogre
 15294 | D:11     | Offered knowledge of Lightning Bolt by Vehumet.
 15314 | D:11     | Hit by a large rock thrown by a cyclops

Skill      XL: |  1  2  3  4  5  6  7  8  9 10 11 12 |
---------------+-------------------------------------+-----
Stealth        | 3 5 6 |  6.6
Conjurations   | 2 3 4 5 7 8 9 |  9.7
Spellcasting   | 3 4 6 7 8 9 |  9.8
Fire Magic     | 4 5 6 8 9 |  9.5
Dodging        | 3 4 |  4.7
Short Blades   | 1 |  1.6
Fighting       | 1 2 |  2.7
Maces & Flails | 3 4 |  4.2
Ice Magic      | 1 2 |  2.0
Evocations     | 1 |  1.3
Necromancy     | 1 |  1.1
Shields        | 3 |  3.7
Long Blades    | |  0.4
Charms         | |  0.3

Action                   |  1- 3 |  4- 6 |  7- 9 | 10-12 || total
-------------------------+-------+-------+-------+-------++-------
Melee: Unarmed           |     3 |       |       |       ||     3
       Constrict         |     4 |     3 |    19 |    19 ||    45
       Club              |     4 |       |       |       ||     4
       Whip              |       |     3 |       |       ||     3
       Tentacles         |       |     2 |    11 |    22 ||    35
       Dagger            |       |    13 |     8 |       ||    21
       Rapier            |       |       |    44 |     2 ||    46
       Falchion          |       |       |     8 |     4 ||    12
       Mace              |       |       |       |   100 ||   100
 Cast: Flame Tongue      |    50 |    92 |   144 |    95 ||   381
       Throw Flame       |     8 |    16 |    96 |    29 ||   149
       Freeze            |       |     7 |     6 |     2 ||    15
       Sticky Flame      |       |       |    10 |    34 ||    44
       Fireball          |       |       |    15 |    76 ||    91
       Throw Icicle      |       |       |     3 |    13 ||    16
       Regeneration      |       |       |       |     7 ||     7
Evoke: Wand              |       |       |     1 |    11 ||    12
  Use: Scroll            |       |       |     3 |    17 ||    20
       Potion            |       |       |     1 |    11 ||    12
 Stab: Sleeping          |     2 |     1 |     5 |     2 ||    10
  Eat: Chunk             |     5 |     7 |    23 |    32 ||    67
       Ration            |       |       |       |     1 ||     1
Armor: Skin              |     1 |     6 |     2 |    32 ||    41
Dodge: Dodged            |    11 |    64 |    61 |   120 ||   256
       Rpst.: Falchion   |       |       |     2 |       ||     2
